Unix NetHack Version 5.0.0-0 post-release - last build May  4 2026 22:22:43 (774f63e81ad911689b3a0859ea89b322d5daca8d,branch:main).

Game began 2026-05-08 10:34:37, ended 2026-05-08 11:03:14.

1112463359, lawful female human Valkyrie

                                            ------
      -------------                         |>.(.|          -----------
      |...........|       -------           |.....##########..........|
      |...........|       |.....|           ---.--#         |.........|
      |...........|       |.....|##########%#######[#######%..........|
      |...........|   ####-.(...|#             #  ####      |.........|
      |........?...#####  |.....|#             #     #      -----------
      ---.---------    #  |<....-####          ####  #
         ##               |.....|# ##----------------##
          #             ##-------# #d|..............| #
          #        ##################@e............`| ###
    ------.----   ##                 |..............|   ####
    |..........###`                  |..............|##################
    |.........|                      ------|---------#     ### -------.--
    |.........|                            ###########       # |...>....|
    -----------                                              ##.........|
                                                               |........|
                                                               ----------

1112463359 the Skirmisher   St:18/03 Dx:12 Co:18 In:8 Wi:9 Ch:7  Lawful
Dlvl:3  $:33 HP:0(38) Pw:8(8) AC:6  Xp:4 T:4084  Hungry  

Latest messages:
 You kill the grid bug!
 You see here a scroll labeled ETAOIN SHRDLU.
 There is nothing here to pick up.
 The sewer rat bites!
 The sewer rat bites!
 You already found a monster.  Use 'm' prefix to force another search.
 You move right into the sewer rat.
 The sewer rat bites!
 You kill the sewer rat!
 You try to move the boulder, but in vain.
 You try to move the boulder, but in vain.
 You try to move the boulder, but in vain.
 You try to move the boulder, but in vain.
 You try to move the boulder, but in vain.
 You miss the floating eye.
 You are frozen by the floating eye's gaze!
 You are beginning to feel hungry.
 The fox bites!
 The fox bites!
 The fox bites!
 The fox bites!
 The fox bites!
 The fox bites!
 The fox bites!
 The fox bites!
 The fox bites!
 The fox bites!
 The fox bites!
 The fox bites!
 The fox just misses!
 The fox bites!
 The fox bites!
 The fox bites!
 The fox bites!
 The fox bites!
 The fox bites!
 The fox bites!
 The fox bites!
 The fox bites!
 The fox bites!
 The fox bites!
 The fox bites!
 The fox bites!
 The fox bites!
 You die...
 Do you want your possessions identified? [ynq] (y) n
 Do you want to see your attributes? [ynq] (y) y
 Do you want an account of creatures vanquished? [ynaq] (y) n
 Do you want to see your conduct and achievements? [ynq] (y) y
 Do you want to see the dungeon overview? [ynq] (y) n

Inventory:
 Coins    ('$')
  $ - 33 gold pieces
 Weapons  (')')
  b - a +0 dagger (alternate weapon; not wielded)
  j - a cursed -1 orcish dagger
  a - a +1 spear (weapon in right hand)
  i - a cursed -1 bullwhip
 Armor    ('[')
  g - an uncursed +0 orcish helm
  k - an uncursed +0 orcish helm
  n - an uncursed +0 pair of high boots
  c - an uncursed +3 small shield (being worn)
 Comestibles  ('%')
  y - an uncursed cram ration
  A - an uncursed food ration
 Potions  ('!')
  s - an uncursed potion of oil
  h - an uncursed potion of water
 Boulders/Statues  ('`')
  e - an empty uncursed statue of a grid bug

1112463359 the Valkyrie's attributes:

Background:
 You were a Skirmisher, a level 4 human Valkyrie.
 You were lawful, nominally on a mission for Tyr
 who was opposed by Odin (neutral) and Loki (chaotic).
 You were right-handed.
 You were in the Dungeons of Doom, on level 3.
 You entered the dungeon 4084 turns ago.
 You had 134 experience points, 26 more were needed to attain level 5.

Basics:
 You had 0 out of 38 hit points.
 You had all 8 energy points (spell power).
 Your armor class was 6.
 Your wallet contained 33 zorkmids.
 Autopickup was off.

Final Characteristics:
 Your strength was 18/03 (limit:18/100).
 Your dexterity was 12 (limit:18).
 Your constitution was 18 (limit:18).
 Your intelligence was 8 (limit:18).
 Your wisdom was 9 (limit:18).
 Your charisma was 7 (limit:18).

Final Status:
 You were hungry.
 You were unencumbered.
 You were wielding a spear.
 You had basic skill with spear and could have enhanced that.

Final Attributes:
 You were piously aligned.
 You were cold resistant.
 You were stealthy.
 You are dead.

Miscellaneous:
 You didn't encounter any bones levels.
 Total elapsed playing time was 28 minutes and 36 seconds.

Major events:
 Turn
    1: 1112463359 the lawful human Valkyrie entered the dungeon
 1933: attained the rank of Skirmisher (level 3)
 4084: killed by a fox, while frozen by a floating eye's gaze

You didn't know any spells.

Skills:
 Fighting Skills
   bare handed combat [Unskilled]
   two weapon combat  [Unskilled]
   riding             [Unskilled]
 Weapon Skills
   dagger             [Basic]
   axe                [Unskilled]
   pick-axe           [Unskilled]
   short sword        [Unskilled]
   broadsword         [Unskilled]
   long sword         [Unskilled]
   two-handed sword   [Unskilled]
   saber              [Unskilled]
   hammer             [Unskilled]
   quarterstaff       [Unskilled]
   polearms           [Unskilled]
   spear              [Basic]
   trident            [Unskilled]
   lance              [Unskilled]
   sling              [Unskilled]
 Spellcasting Skills
   attack spells      [Unskilled]
   escape spells      [Unskilled]

Voluntary challenges:
 Character rerolling was not enabled.
 You followed a strict vegan diet.
 You were an atheist.
 You were illiterate.
 You never genocided any monsters.
 You never polymorphed an object.
 You never changed form.
 You used no wishes.
Achievements:
 You attained the rank of Skirmisher.
 You entered a shop.

 The Dungeons of Doom: levels 1 to 3
    Level 1:
       A fountain, a sink.
    Level 2:
       A general store.
    Level 3: <- You were here.
       Final resting place for
          you, killed by a fox, while frozen by a floating eye's gaze.


Vanquished creatures:
  a giant bat
  a gas spore
  a large kobold
  2 giant rats
  a yellow mold
  a green mold
  7 garter snakes
  a gnome zombie
  9 jackals
  2 foxes
  2 goblins
  6 sewer rats
  7 grid bugs
  2 bats
  8 lichens
  3 kobold zombies
 12 newts
66 creatures vanquished.

No species were genocided or became extinct.

Game over:
                       ----------
                      /          \
                     /    REST    \
                    /      IN      \
                   /     PEACE      \
                  /                  \
                  |    1112463359    |
                  |      33 Au       |
                  | killed by a fox  |
                  |                  |
                  |                  |
                  |                  |
                  |       2026       |
                 *|     *  *  *      | *
        _________)/\\_//(\/(/\)/\//\/|_)_______

Farvel 1112463359 the Valkyrie...

You died in The Dungeons of Doom on dungeon level 3 with 666 points,
and 33 pieces of gold, after 4084 moves.
You were level 4 with a maximum of 38 hit points when you died.

